IL
GWINNETT BRAVES @ EL PASO CHIHUAHUAS
10/18/2044
 
TOP OF THE 1ST
Arizona State University Sun Devils batting - Pitching for University of Maine Black Bears : LHP Mike Cobb
Pitching: LHP Mike Cobb
Batting: LHB Keith Egan 0-0: Ball
1-0: Ball
2-0: SINGLE (Groundball, 4D, EV 96.3 MPH)
Batting: LHB Kelvin Jones 0-0: Ball
1-0: Ball
2-0: Called Strike
2-1: Ball
3-1: Fly out, F4 (Line Drive, 4, EV 68.8 MPH)
Batting: SHB Adam Martin 0-0: Ball
1-0: Ball
2-0: Ball
3-0: Called Strike
3-1: Foul Ball, location: 2F
3-2: Strikes out looking
Batting: LHB Barrfhionn O'Toole 0-0: Ball
1-0: Foul Ball, location: 2F
1-1: Ball
2-1: SINGLE (Groundball, 34D, EV 101.9 MPH)
Keith Egan to second
Runner from 2nd tries for 3rd, SAFE, throw by RF made to third
Now in RF: John Stevenson
Batting: RHB Sean Murchison 0-0: Ball
1-0: Called Strike
1-1: Fly out, F8 (Line Drive, 8LD, EV 91.3 MPH)
Top of the 1st over - 0 runs, 2 hits, 0 errors, 2 left on base; Arizona State University 0 - University of Maine 0
BOTTOM OF THE 1ST
University of Maine Black Bears batting - Pitching for Arizona State University Sun Devils : RHP Jean-Pierre Carpentier
Pitching: RHP Jean-Pierre Carpentier
Batting: RHB Clay Statum 0-0: Ball
1-0: Ball
2-0: Called Strike
2-1: Ground out 6-3 (Groundball, 6, EV 106.3 MPH)
Batting: RHB Jesus Carrillo 0-0: Called Strike
0-1: Ball
1-1: Ground out 5-3 (Groundball, 56D, EV 85.0 MPH)
Batting: LHB Jay Fenderson 0-0: Ball
1-0: Ball
2-0: Called Strike
2-1: Fly out, F7 (Flyball, 78M, EV 86.3 MPH)
Bottom of the 1st over - 0 runs, 0 hits, 0 errors, 0 left on base; Arizona State University 0 - University of Maine 0
TOP OF THE 2ND
Arizona State University Sun Devils batting - Pitching for University of Maine Black Bears : LHP Mike Cobb
Batting: RHB Mike Maserang 0-0: Ball
1-0: Ball
2-0: Ball
3-0: Base on Balls
Batting: RHB Brandon Joshua 0-0: Foul Ball, location: 2F
0-1: Ball
1-1: Reached on error, E2 (Groundball, 13S, EV 71.3 MPH)
Mike Maserang to third
Batting: SHB Joshua Jackson 0-0: Called Strike
0-1: Ball
1-1: Swinging Strike
1-2: DOUBLE (Line Drive, 9LS, EV 105.0 MPH)
Mike Maserang scores
Brandon Joshua scores
Batting: RHB Jean-Pierre Carpentier 0-0: Sac Bunt to 15 - play at first, batter OUT! 1-4
Joshua Jackson to third
Batting: LHB Keith Egan 0-0: Ground out 4-3 (Groundball, 4M, EV 103.8 MPH)
Joshua Jackson scores
Batting: LHB Kelvin Jones 0-0: Ball
1-0: Ball
2-0: Ground out 4-3 (Groundball, 4M, EV 85.0 MPH)
Top of the 2nd over - 3 runs, 1 hit, 1 error, 0 left on base; Arizona State University 3 - University of Maine 0
BOTTOM OF THE 2ND
University of Maine Black Bears batting - Pitching for Arizona State University Sun Devils : RHP Jean-Pierre Carpentier
Batting: LHB Chris Cabrera 0-0: Reached on error, E3 (Groundball, 34, EV 111.3 MPH)
Batting: SHB Seung-ho Zhang 0-0: Called Strike
0-1: DOUBLE (Line Drive, 78D, EV 100.0 MPH)
Chris Cabrera to third
Batting: RHB John Stevenson 0-0: Ball
1-0: Ball
2-0: Ball
3-0: Called Strike
3-1: Base on Balls
Batting: RHB Dave Naugle 0-0: Foul Ball, location: 2F
0-1: Ball
1-1: Grounds into double play, 4-6-3 (Groundball, 34, EV 85.0 MPH)
Chris Cabrera scores
Seung-ho Zhang to third
Batting: RHB Adam Bourg 0-0: Ball
1-0: Ground out 4-3 (Groundball, 4, EV 88.8 MPH)
Bottom of the 2nd over - 1 run, 1 hit, 1 error, 1 left on base; Arizona State University 3 - University of Maine 1
TOP OF THE 3RD
Arizona State University Sun Devils batting - Pitching for University of Maine Black Bears : LHP Mike Cobb
Batting: SHB Adam Martin 0-0: Ground out 5-3 (Groundball, 56, EV 87.5 MPH)
Batting: LHB Barrfhionn O'Toole 0-0: Ball
1-0: Called Strike
1-1: Ball
2-1: Foul Ball, location: 2F
2-2: Ground out 5-3 (Groundball, 5, EV 80.0 MPH)
Batting: RHB Sean Murchison 0-0: Called Strike
0-1: Foul Ball, location: 2F
0-2: Ball
1-2: Foul Ball, location: 2F
1-2: Foul Ball, location: 2F
1-2: Strikes out looking
Top of the 3rd over - 0 runs, 0 hits, 0 errors, 0 left on base; Arizona State University 3 - University of Maine 1
BOTTOM OF THE 3RD
University of Maine Black Bears batting - Pitching for Arizona State University Sun Devils : RHP Jean-Pierre Carpentier
Batting: SHB Mike Cobb 0-0: Called Strike
0-1: Foul Ball, location: 2F
0-2: Ball
1-2: Ball
2-2: Ball
3-2: Strikes out looking
Batting: RHB Clay Statum 0-0: Ball
1-0: Fly out, F7 (Flyball, 78S, EV 77.5 MPH)
Batting: RHB Jesus Carrillo 0-0: Foul Ball, location: 2F
0-1: Ground out U3 (Groundball, 34, EV 100.6 MPH)
Bottom of the 3rd over - 0 runs, 0 hits, 0 errors, 0 left on base; Arizona State University 3 - University of Maine 1
TOP OF THE 4TH
Arizona State University Sun Devils batting - Pitching for University of Maine Black Bears : LHP Mike Cobb
Batting: RHB Mike Maserang 0-0: Ball
1-0: Called Strike
1-1: Ball
2-1: Ball
3-1: Swinging Strike
3-2: Strikes out looking
Batting: RHB Brandon Joshua 0-0: Fly out, F8 (Flyball, 89M, EV 93.1 MPH)
Batting: SHB Joshua Jackson 0-0: Called Strike
0-1: Ball
1-1: Foul Ball, location: 2F
1-2: Strikes out swinging
Top of the 4th over - 0 runs, 0 hits, 0 errors, 0 left on base; Arizona State University 3 - University of Maine 1
BOTTOM OF THE 4TH
University of Maine Black Bears batting - Pitching for Arizona State University Sun Devils : RHP Jean-Pierre Carpentier
Batting: LHB Jay Fenderson 0-0: Ball
1-0: Foul Ball, location: 2F
1-1: Foul Ball, location: 2F
1-2: Ball
2-2: Ball
3-2: Ground out 4-3 (Groundball, 4, EV 84.4 MPH)
Batting: LHB Chris Cabrera 0-0: Called Strike
0-1: Ball
1-1: Foul Ball, location: 2F
1-2: Ground out 3-1 (Groundball, 34, EV 103.8 MPH)
Batting: SHB Seung-ho Zhang 0-0: SINGLE (Groundball, 34D, EV 102.5 MPH) (infield hit)
Batting: RHB John Stevenson 0-0: Ball
1-0: Ball
2-0: Foul Ball, location: 2F
2-1: Swinging Strike
2-2: Foul Ball, location: 2F
2-2: Foul Ball, location: 2F
2-2: Ball
3-2: Foul Ball, location: 2F
3-2: Base on Balls
Seung-ho Zhang to second
Batting: RHB Dave Naugle 0-0: Called Strike
0-1: Ball
1-1: Swinging Strike
1-2: Ball
2-2: Strikes out swinging
Bottom of the 4th over - 0 runs, 1 hit, 0 errors, 2 left on base; Arizona State University 3 - University of Maine 1
TOP OF THE 5TH
Arizona State University Sun Devils batting - Pitching for University of Maine Black Bears : LHP Mike Cobb
Batting: RHB Jean-Pierre Carpentier 0-0: Foul Ball, location: 2F
0-1: Fly out, F4 (Popup, 4, EV 65.0 MPH)
Batting: LHB Keith Egan 0-0: Swinging Strike
0-1: Called Strike
0-2: Foul Ball, location: 2F
0-2: Ball
1-2: SINGLE (Groundball, 34D, EV 106.3 MPH)
Batting: LHB Kelvin Jones 0-0: Called Strike
0-1: Foul Ball, location: 2F
Pickoff Throw to First - Out! 1-3
0-2: Ball
1-2: Ball
2-2: Strikes out swinging
Top of the 5th over - 0 runs, 1 hit, 0 errors, 0 left on base; Arizona State University 3 - University of Maine 1
BOTTOM OF THE 5TH
University of Maine Black Bears batting - Pitching for Arizona State University Sun Devils : RHP Jean-Pierre Carpentier
Batting: RHB Adam Bourg 0-0: Called Strike
0-1: Ground out 6-3 (Groundball, 6, EV 98.8 MPH)
Batting: SHB Mike Cobb 0-0: Foul Ball, location: 2F
0-1: Swinging Strike
0-2: Foul Ball, location: 2F
0-2: Fly out, F4 (Popup, 34S, EV 83.1 MPH)
Batting: RHB Clay Statum 0-0: Called Strike
0-1: Called Strike
0-2: Ball
1-2: Foul Ball, location: 2F
1-2: Strikes out swinging
Bottom of the 5th over - 0 runs, 0 hits, 0 errors, 0 left on base; Arizona State University 3 - University of Maine 1
TOP OF THE 6TH
Arizona State University Sun Devils batting - Pitching for University of Maine Black Bears : LHP Mike Cobb
Batting: SHB Adam Martin 0-0: Ball
1-0: Called Strike
1-1: Ball
2-1: Ball
3-1: Foul Ball, location: 2F
3-2: Ground out 5-3 (Groundball, 56, EV 106.9 MPH)
Pitching: LHP Dan Barron
Batting: LHB Barrfhionn O'Toole 0-0: Ball
1-0: Called Strike
1-1: Foul Ball, location: 2F
1-2: Ball
2-2: Foul Ball, location: 2F
2-2: Strikes out swinging
Batting: RHB Sean Murchison 0-0: DOUBLE (Groundball, 5L, EV 102.5 MPH)
Batting: RHB Mike Maserang 0-0: Ball
1-0: Ball
2-0: Ball
3-0: Called Strike
3-1: Base on Balls
Batting: RHB Brandon Joshua 0-0: Foul Ball, location: 2F
0-1: Ball
1-1: SINGLE (Flyball, 78S, EV 93.8 MPH)
Sean Murchison to third
Mike Maserang to second
Runner from 3rd tries for Home, SAFE, throw by LF to home
Batting: SHB Joshua Jackson 0-0: Ball
1-0: Foul Ball, location: 2F
1-1: Called Strike
1-2: Foul Ball, location: 2F
1-2: Ball
2-2: Fly out, F7 (Line Drive, 7, EV 93.8 MPH)
Top of the 6th over - 1 run, 2 hits, 0 errors, 2 left on base; Arizona State University 4 - University of Maine 1
BOTTOM OF THE 6TH
University of Maine Black Bears batting - Pitching for Arizona State University Sun Devils : RHP Jean-Pierre Carpentier
Batting: RHB Jesus Carrillo 0-0: Ball
1-0: Foul Ball, location: 2F
1-1: Ball
2-1: Swinging Strike
2-2: Fly out, F8 (Line Drive, 8RM, EV 89.4 MPH)
Pitching: RHP Calisto Morda
Now at SS: Nick Cottrell
Batting: LHB Jay Fenderson 0-0: Called Strike
0-1: Ball
1-1: Foul Ball, location: 2F
1-2: Ball
2-2: SINGLE (Line Drive, 9LS, EV 98.8 MPH)
Batting: LHB Chris Cabrera 0-0: Ball
1-0: Ball
2-0: Called Strike
2-1: Ball
3-1: Base on Balls
Jay Fenderson to second
Batting: SHB Seung-ho Zhang 0-0: Called Strike
0-1: Swinging Strike
0-2: Foul Ball, location: 2F
0-2: Strikes out swinging
Batting: RHB John Stevenson 0-0: Ball
1-0: Fielders Choice at 2nd, 6-4 (Groundball, 6, EV 91.9 MPH)
Bottom of the 6th over - 0 runs, 1 hit, 0 errors, 2 left on base; Arizona State University 4 - University of Maine 1
TOP OF THE 7TH
Arizona State University Sun Devils batting - Pitching for University of Maine Black Bears : LHP Dan Barron
Pitching: RHP Tim Staunton
Batting: RHB Nick Cottrell 0-0: Called Strike
0-1: Ball
1-1: Ball
2-1: Ball
3-1: SINGLE (Groundball, 34S, EV 86.3 MPH) (infield hit)
Batting: LHB Keith Egan 0-0: Called Strike
0-1: Swinging Strike
0-2: Strikes out looking
Batting: LHB Kelvin Jones 0-0: Called Strike
0-1: Called Strike
0-2: Ball
Nick Cottrell is caught stealing 2nd base 2-6
1-2: Strikes out swinging
Top of the 7th over - 0 runs, 1 hit, 0 errors, 0 left on base; Arizona State University 4 - University of Maine 1
BOTTOM OF THE 7TH
University of Maine Black Bears batting - Pitching for Arizona State University Sun Devils : RHP Calisto Morda
Batting: RHB Dave Naugle 0-0: Foul Ball, location: 2F
0-1: Ball
1-1: Ball
2-1: Ball
3-1: Called Strike
3-2: Base on Balls
Batting: RHB Adam Bourg 0-0: Ball
1-0: Called Strike
1-1: Foul Ball, location: 2F
1-2: SINGLE (Groundball, 4MD, EV 101.3 MPH)
Dave Naugle to second
Pinch Hitting: RHB Duncan Collins 0-0: Ball
1-0: Called Strike
1-1: Foul Ball, location: 2F
1-2: Strikes out swinging
Batting: RHB Clay Statum 0-0: Ball
1-0: Ball
2-0: Ball
3-0: Called Strike
3-1: Base on Balls
Dave Naugle to third
Adam Bourg to second
Pinch Hitting: RHB Robby Godwin 0-0: Ball
1-0: Called Strike
1-1: Foul Ball, location: 2F
1-2: Ball
2-2: Ball
3-2: Foul Ball, location: 2F
3-2: Base on Balls
Dave Naugle scores
Adam Bourg to third
Clay Statum to second
Batting: LHB Jay Fenderson 0-0: Foul Ball, location: 2F
0-1: Ball
1-1: Fly out, F9 (Line Drive, 9, EV 102.5 MPH)
Runner from 3rd tags up, SCORES, throw by RF
Clay Statum to third
Batting: LHB Chris Cabrera 0-0: Foul Ball, location: 2F
0-1: Ball
1-1: Swinging Strike
1-2: Ground out 4-3 (Groundball, 4, EV 90.0 MPH)
Bottom of the 7th over - 2 runs, 1 hit, 0 errors, 2 left on base; Arizona State University 4 - University of Maine 3
TOP OF THE 8TH
Arizona State University Sun Devils batting - Pitching for University of Maine Black Bears : RHP Tim Staunton
Pitching: RHP Carlos Sepulveda
Now at SS: Robby Godwin
Batting: SHB Adam Martin 0-0: Called Strike
0-1: Ball
1-1: Called Strike
1-2: Ground out 4-3 (Groundball, 13, EV 86.3 MPH)
Batting: LHB Barrfhionn O'Toole 0-0: Foul Ball, location: 2F
0-1: SINGLE (Groundball, P, EV 89.4 MPH) (infield hit)
Batting: RHB Sean Murchison 0-0: Ball
1-0: Called Strike
Barrfhionn O'Toole steals 2nd, throwing error, E2
Barrfhionn O'Toole to third
1-1: Swinging Strike
1-2: Ball
2-2: Foul Ball, location: 2F
2-2: Foul Ball, location: 2F
2-2: Ball
3-2: Foul Ball, location: 2F
3-2: Strikes out looking
Batting: RHB Mike Maserang 0-0: Swinging Strike
0-1: Ball
1-1: Ball
2-1: Called Strike
2-2: Foul Ball, location: 2F
2-2: Strikes out swinging
Top of the 8th over - 0 runs, 1 hit, 1 error, 1 left on base; Arizona State University 4 - University of Maine 3
BOTTOM OF THE 8TH
University of Maine Black Bears batting - Pitching for Arizona State University Sun Devils : RHP Calisto Morda
Pitching: RHP Mike Chisolm
Batting: SHB Seung-ho Zhang 0-0: Ball
1-0: Ball
2-0: Swinging Strike
2-1: SINGLE (Line Drive, 78S, EV 90.6 MPH)
Batting: RHB John Stevenson 0-0: Ball
1-0: Called Strike
1-1: Called Strike
1-2: Ground out 5-3 (Groundball, 56S, EV 83.1 MPH)
Seung-ho Zhang to second
Batting: RHB Dave Naugle 0-0: Ball
1-0: Called Strike
1-1: Ball
2-1: SINGLE (Groundball, 56, EV 90.0 MPH) (infield hit)
Seung-ho Zhang to third
Batting: RHB Adam Bourg 0-0: SINGLE (Groundball, 4M, EV 96.9 MPH) (infield hit)
Seung-ho Zhang scores
Dave Naugle to second
Pinch Hitting: RHB Mike Strey 0-0: Ball
1-0: Ball
2-0: DOUBLE (Line Drive, 89D, EV 104.4 MPH)
Dave Naugle scores
Adam Bourg to third
Runner from 3rd tries for Home, SAFE, throw by CF to home
Batting: RHB Clay Statum 0-0: Fly out, F8 (Flyball, 8LD, EV 98.8 MPH)
Batting: RHB Robby Godwin 0-0: SINGLE (Groundball, 6MD, EV 95.0 MPH)
Mike Strey to third
Pitching: RHP Luis Castruita
Batting: LHB Jay Fenderson 0-0: Called Strike
0-1: SINGLE (Line Drive, 9S, EV 101.3 MPH)
Mike Strey scores
Robby Godwin to second
Batting: LHB Chris Cabrera 0-0: Ball
1-0: Foul Ball, location: 2F
1-1: Fielders Choice at 2nd, 6-4 (Groundball, 6, EV 104.4 MPH)
Bottom of the 8th over - 4 runs, 6 hits, 0 errors, 2 left on base; Arizona State University 4 - University of Maine 7
TOP OF THE 9TH
Arizona State University Sun Devils batting - Pitching for University of Maine Black Bears : RHP Carlos Sepulveda
Pitching: RHP Adam Fair
Pinch Hitting: LHB Igor Ciobanu 0-0: Called Strike
0-1: Swinging Strike
0-2: Ball
1-2: Ball
2-2: Ball
3-2: Base on Balls
Batting: SHB Joshua Jackson 0-0: SINGLE (Groundball, 4D, EV 103.8 MPH)
Igor Ciobanu to second
Batting: RHB Nick Cottrell 0-0: Ball
1-0: Ball
2-0: Fly out, F7 (Flyball, 78S, EV 91.9 MPH)
Batting: LHB Keith Egan 0-0: Ball
1-0: Ball
2-0: SINGLE (Groundball, 4MD, EV 93.8 MPH)
Igor Ciobanu to third
Joshua Jackson to second
Pinch Hitting: RHB Manuel Juarez 0-0: Ball
1-0: Fly out, F8 (Flyball, 8RXD, EV 103.1 MPH)
Runner from 3rd tags up, SCORES, no throw by CF
Batting: SHB Adam Martin 0-0: Swinging Strike
0-1: Foul Ball, location: 2F
0-2: Ball
1-2: Ball
2-2: Ball
3-2: Base on Balls
Joshua Jackson to third
Keith Egan to second
Batting: LHB Barrfhionn O'Toole 0-0: Ball
1-0: Ground out 4-3 (Groundball, 4MS, EV 85.0 MPH)
Top of the 9th over - 1 run, 2 hits, 0 errors, 3 left on base; Arizona State University 5 - University of Maine 7
Thursday, March 31st , 2022 - OOTP Baseball 22.12 Build 89